 Dungeon Crawl Stone Soup version 0.29-a0-409-gd843f3a48c (webtiles) character file.

Game seed: 7813168402803876254

17402 dolemite99 the Archer (level 12, -2/76 (95) HPs)
             Began as a Minotaur Hunter on May 14, 2022.
             Was a High Priest of Hepliaklqana.
             Slain by a spectral orc knight
             ... wielding a +0 halberd
             ... summoned by Nergalle
              (7 damage)
             ... on level 2 of the Lair of Beasts on May 15, 2022.
             The game lasted 00:17:19 (15147 turns).

dolemite99 the Archer (Minotaur Hunter)            Turns: 15147, Time: 00:17:20

HP:   -2/76 (95)    AC: 19    Str: 25    XL:     12   Next: 18%
MP:   21/21         EV: 16    Int: 11    God:    Hepliaklqana [*****.]
Gold: 571           SH:  5    Dex: 17    Spells: 11/11 levels left

rFire   . . .      SeeInvis .   a - +3 shortbow (chaos)
rCold   . . .      Faith    .   (shield currently unavailable)
rNeg    . . .      Spirit   .   W - +2 scale mail {rPois}
rPois   +          Reflect  +   N - +3 hat of Pondering {ponderous, Will+ MP+10 Int+5}
rElec   .          Harm     .   i - scarf {repulsion}
rCorr   .          Rampage  .   (no gloves)
Will    ++...                   O - +0 pair of boots of the Armoured One {Will+ Str+3 Dex+4 Slay+2}
Stlth   ..........              n - amulet of reflection
HPRegen 0.22/turn               I - ring of poison resistance
MPRegen 0.17/turn               c - +4 ring of protection {=R}

@: about to teleport, heavily drained, repel missiles, slow
A: reduced essence, horns 2, retaliatory headbutt
a: Renounce Religion, Recall Ancestor, Ancestor Identity, Transference, Idealise


You were on level 2 of the Lair of Beasts.
You worshipped Hepliaklqana.
Hepliaklqana was extremely pleased with you.
You visited 2 branches of the dungeon, and saw 13 of its levels.
You also visited: Bailey.

You collected 791 gold pieces.
You spent 220 gold pieces at shops.

Inventory:

Hand Weapons
 a - a +3 shortbow of chaos (weapon)
 s - a +1 hand axe of flaming
 t - a +1 scimitar of flaming
 J - the +7 hunting sling of Reinforcement {freeze, Int+2}
   (You found it on level 6 of the Dungeon)

   Any ammunition fired from it freezes those it strikes, dealing additional
   cold damage.
   It can also slow down cold-blooded creatures.
   Int:       It affects your intelligence (+2).
 L - a +3 war axe
 Q - a +1 vorpal trident
 S - a +0 rapier of flaming
 V - a +3 quarterstaff
Missiles
 k - 24 poisoned darts
 C - 171 stones
 G - 10 javelins
 T - 2 silver javelins
Armour
 e - a +1 hat
 i - a scarf of repulsion (worn)
 N - the +3 hat of Pondering (worn) {ponderous, Will+ MP+10 Int+5}
   (You took it off Gastronok on level 10 of the Dungeon)

   Int:       It affects your intelligence (+5).
   MP:        It affects your magic capacity (+10).
   Will:      It increases your willpower.
 O - the +0 pair of boots of the Armoured One (worn) {Will+ Str+3 Dex+4 Slay+2}
   (You acquired it on level 1 of the Lair of Beasts)

   Str:       It affects your strength (+3).
   Dex:       It affects your dexterity (+4).
   Slay:      It affects your accuracy & damage with ranged weapons and melee
   (+2).
   Will:      It increases your willpower.
 W - a +2 scale mail of poison resistance (worn)
Magical Staves
 R - a staff of cold
Jewellery
 c - a +4 ring of protection (right hand) {=R}
 g - a ring of willpower
 n - an amulet of reflection (around neck)
 q - a ring of fire
 w - an amulet of magic regeneration
 y - a ring of magical power
 I - a ring of poison resistance (left hand)
 P - a ring of ice
Wands
 r - a wand of digging (8)
 x - a wand of polymorph (13)
 A - a wand of paralysis (8)
Scrolls
 b - 2 scrolls of immolation
 f - 2 scrolls of fear
 j - 3 scrolls of poison
 l - a scroll of noise
 H - 2 scrolls of fog
Potions
 d - a potion of curing
 h - a potion of berserk rage
 m - 3 potions of might
 o - a potion of magic
 p - 5 potions of mutation {unknown}
 v - 6 potions of brilliance
 z - 2 potions of haste {unknown}
 B - a potion of cancellation {unknown}
 D - 2 potions of flight {unknown}
 K - 3 potions of resistance
 U - a potion of lignification {unknown}


   Skills:
 + Level 10.2 Fighting
 + Level 14.3 Bows
 - Level 10.7 Armour
 + Level 11.2 Dodging
 - Level 0.7 Stealth


You had 11 spell levels left.
You didn't know any spells.
Your spell library contained the following spells:

 Spells                   Type           Power      Damage    Failure   Level
 Animate Skeleton         Necr           0%         N/A       56%         1
 Apportation              Tloc           0%         N/A       56%         1
 Magic Dart               Conj           0%         1d3       56%         1
 Sandblast                Erth           0%         2d4       56%         1
 Summon Small Mammal      Summ           0%         N/A       56%         1
 Call Imp                 Summ           0%         N/A       71%         2
 Corpse Rot               Necr/Air       0%         N/A       71%         2
 Passwall                 Tmut/Erth      0%         N/A       71%         2
 Poisonous Vapours        Pois/Air       0%         N/A       71%         2
 Mephitic Cloud           Conj/Pois/Air  0%         N/A       91%         3
 Ozocubu's Armour         Ice            0%         N/A       91%         3
 Portal Projectile        Hex/Tloc       0%         N/A       91%         3
 Stone Arrow              Conj/Erth      0%         3d7       91%         3
 Tukima's Dance           Hex            0%         N/A       91%         3
 Cause Fear               Hex            0%         N/A       100%        4
 Passage of Golubria      Tloc           0%         N/A       100%        4
 Blade Hands              Tmut           0%         N/A       100%        5
 Excruciating Wounds      Necr           0%         N/A       100%        5
 Yara's Violent Unravell  Hex/Tmut       0%         3d3       100%        5
 Dragon Form              Tmut           0%         N/A       100%        7
 Ozocubu's Refrigeration  Ice            0%         4d5       100%        7
 Dragon's Call            Summ           0%         N/A       100%        9


Dungeon Overview and Level Annotations

Branches:
Dungeon (11/15)            Temple (0/1) D:6            Lair (2/6) D:11
 Shoals (0/4) Lair:2        Snake (0/4) Lair:2       Bailey (visited)
    Orc: D:9-12

Altars:
Elyvilon
Fedhas
Gozag
Hepliaklqana
Kikubaaqudgha
Vehumet
Xom
Yredelemnul
The Shining One

Shops:
D:5 (   D:6 =   D:9 (

Portals:
Abyss: D:10

Annotations:
D:5 3 runed translucent doors, Hubjo's ghost, novice DEFE
D:6 2 transporters, Menkaure
D:10 2 transporters, runemasterragnar's ghost, novice DsMo
Lair:1 exclusion: 4 oklob plants
Lair:2 Nergalle


Innate Abilities, Weirdness & Mutations

Your life essence is reduced to manifest your ancestor. (-10% HP)
You have a pair of horns on your head.
You reflexively headbutt those who attack you in melee.


Message History

Nergalle hits your yak with a +0 dagger.
The spectral orc knight hits your yak with a +0 battleaxe!!
Your yak dies!
Your yak's corpse dissolves into shadows!
The spectral orc warrior hits your torpor snail with a +0 flail.
Your yak gores the spectral orc knight!
The spectral orc knight is destroyed!
The spectral orc knight disappears in a puff of smoke!
Shoot: a) +3 shortbow (chaos)
Press: ? - help, Q - select action, (/) - cycle Shift-Dir - straight line, f/p - Nergalle
Aim: Nergalle, wielding a +0 dagger and wearing a +0 robe (heavily wounded, unusually resistant, 72% to hit)
Really fire in your yak's direction?
You shoot an arrow. The arrow barely misses Nergalle.
The spectral orc warrior completely misses your torpor snail.
The spectral orc warrior hits your yak but does no damage.
The spectral orc warrior barely misses your yak.
The spectral orc knight hits your torpor snail with a +0 great sword of protection!
Your torpor snail dies!
Your torpor snail's corpse dissolves into shadows!
Your yak gores the spectral orc knight!
The spectral orc knight completely misses you.
You block Nergalle's attack.
As you read the scroll of teleportation, it crumbles to dust.
You feel strangely unstable. Something stings you.
* * * LOW HITPOINT WARNING * * *
The spectral orc knight barely misses you.
The spectral orc warrior hits your yak with a +0 flail!
Your yak gores the spectral orc knight.
Nergalle gestures at you while chanting.
The bolt of negative energy hits you!
You feel drained.
* * * LOW HITPOINT WARNING * * *
The spectral orc warrior hits your yak with a +0 hand axe.
The spectral orc warrior barely misses your yak.
Something completely misses you.
The spectral orc knight hits your yak with a +0 great sword of protection!!
The spectral orc knight drains your yak.
Your yak dies!
Your yak's corpse dissolves into shadows!
The spectral orc knight hits you from afar with a +0 halberd!
You die...

,,,,*#**#........##........##
,,,** ##........##.........# ,,,*
#P.........##.......## # ,,,**
#........####.......###### ,,,,*
##...#.Y........##........ ,,,,**
######YZ......####....... ,,,,,*
##ZZ..Z...# #....... ,,,,**
#P.Zo{....# #....... ,,***
##..@....## ######.. ***
##......# #... #.......# ##..
##......# ##..
********#.......####### #..[
******,,,**,*.#......#.#.#.###...
,,,,,,,,,,,,.....................
,,,,,,,,,,,,....................#
,,,,,,,,,,,,,........†...........


You could see Nergalle (resistant), 2 spectral orc warriors, 3 spectral orc
knights and 2 friendly yaks.

Vanquished Creatures
  A hydra (Lair:1)
  An ogre mage (D:10)
  A two-headed ogre (D:9)
  Urug (D:11)
  Pikel (D:4)
  Maurice (D:9)
  Psyche (D:8)
  2 cane toads (Lair:1)
  4 komodo dragons
  A polar bear (Lair:1)
  6 yaks
  A wyvern (D:9)
  Grum (D:9)
  3 water moccasins
  3 orc warriors (Bailey)
  A sky beast (Lair:1)
  3 wolves
  A centaur (D:10)
  A kobold brigand (D:11)
  3 bullfrogs
  A scorpion (D:4)
  4 wights
  4 killer bees (D:9)
  A hound (D:5)
  An orc priest (D:10)
  An iguana (D:5)
  Natasha (D:2)
  3 orc wizards
  9 gnolls
  3 adders
  A shadow imp (D:7)
  An ufetubus (D:5)
  2 dart slugs
  15 orcs
  6 endoplasms
  2 giant cockroaches
  6 goblins
  2 hobgoblins
  5 jackals (D:2)
  3 ball pythons
  6 bats
  20 kobolds
  4 rats
138 creatures vanquished.

Vanquished Creatures (collateral kills)
  Gastronok (D:10)
  Erica (D:9)
  A two-headed ogre (D:9)
  A deep elf zephyrmancer (Bailey)
  An orc knight (Bailey)
  A wolf spider (D:10)
  Joseph (D:9)
  Maggie (D:10)
  A cane toad (Lair:1)
  A komodo dragon (Lair:1)
  A kobold demonologist (D:10)
  Sigmund (D:2)
  2 yaks
  2 steam dragons (D:7)
  A wyvern (D:10)
  2 water moccasins (D:8)
  A meliai simulacrum (D:10)
  2 orc warriors
  2 ice beasts
  An ogre (D:4)
  4 wolves
  2 centaurs
  A phantom (D:3)
  3 lemures (D:4)
  2 kobold brigands
  3 bullfrogs
  2 gnoll sergeants
  A necrophage (D:8)
  2 scorpions (D:5)
  6 wights
  2 killer bees (D:9)
  A hound (D:6)
  A jelly (D:7)
  A gnoll shaman (D:7)
  4 orc priests
  Ijyb (D:4)
  An iguana (D:5)
  2 orc wizards
  Natasha (D:2)
  5 gnolls (D:7)
  3 adders
  A white imp (D:8)
  2 ufetubi
  14 orcs
  An endoplasm (D:4)
  2 goblins
  2 hobgoblins
  A jackal (D:2)
  2 ball pythons
  A bat (D:2)
  5 kobolds
104 creatures vanquished.

Vanquished Creatures (others)
  14 battlemagi
  An orc (D:7)
  2 ancestors (D:2)
  3 fungi
  6 plants
26 creatures vanquished.

Grand Total: 268 creatures vanquished

Notes
Turn   | Place    | Note
-------+----------+-------------------------------------------
     0 | D:1      | dolemite99 the Minotaur Hunter began the quest for the Orb.
     0 | D:1      | Reached XP level 1. HP: 18/18 MP: 0/0
   175 | D:1      | Reached XP level 2. HP: 25/25 MP: 1/1
   412 | D:1      | Found a faded altar of an unknown god.
   518 | D:1      | Prayed at the altar of an unknown god.
   518 | D:1      | Became a worshipper of Hepliaklqana the Forgotten
   518 | D:1      | Reached * piety under Hepliaklqana
  1050 | D:2      | Reached XP level 3. HP: 27/27 MP: 2/2
  1051 | D:2      | Reached skill level 5 in Bows
  1382 | D:2      | Noticed Natasha
  1387 | D:2      | Killed Natasha
  1388 | D:2      | Reached XP level 4. HP: 36/36 MP: 3/3
  1540 | D:2      | Noticed Natasha
  1547 | D:2      | Killed Natasha
  1587 | D:2      | Reached ** piety under Hepliaklqana
  1588 | D:2      | Remembered your ancestor Demetirus as a battlemage
  1611 | D:2      | Noticed Sigmund
  1625 | D:2      | Killed Sigmund
  1626 | D:2      | Reached skill level 5 in Fighting
  1626 | D:2      | Reached skill level 6 in Bows
  1626 | D:2      | Reached XP level 5. HP: 44/44 MP: 4/4
  1626 | D:2      | Reached XP level 6. HP: 50/50 MP: 5/5
  2513 | D:4      | Reached skill level 7 in Bows
  2560 | D:4      | Noticed Pikel
  2588 | D:4      | Killed Pikel
  2589 | D:4      | Reached skill level 8 in Bows
  2589 | D:4      | Reached XP level 7. HP: 39/61 MP: 6/6
  2816 | D:4      | Reached XP level 8. HP: 66/66 MP: 7/7
  3706 | D:4      | Noticed Ijyb
  3714 | D:4      | Killed Ijyb
  3764 | D:5      | Entered Level 5 of the Dungeon
  3822 | D:5      | Reached skill level 9 in Bows
  3920 | D:5      | Found Xockod's Weapon Boutique.
  3965 | D:5      | Found a runed translucent door.
  3972 | D:5      | Noticed Hubjo's ghost (novice DEFE)
  4164 | D:5      | Found a large runed translucent door.
  4164 | D:5      | Found a large runed translucent door.
  4258 | D:6      | Reached *** piety under Hepliaklqana
  4388 | D:6      | Found a transporter.
  4398 | D:6      | Found a staircase to the Ecumenical Temple.
  4419 | D:6      | Found an ancient bone altar of Kikubaaqudgha.
  4427 | D:6      | Found a transporter.
  4448 | D:6      | Found Waqotz Luufa's Jewellery Boutique.
  4558 | D:6      | Bought a ring of poison resistance for 220 gold pieces
  4635 | D:6      | Identified the +7 hunting sling of Reinforcement {freeze,
                  | Int+2}
  4792 | D:6      | Noticed Menkaure
  4794 | D:6      | Found a basalt altar of Yredelemnul.
  4830 | D:6      | Found a shimmering altar of Xom.
  4831 | D:6      | Found a blossoming altar of Fedhas.
  5431 | D:7      | Reached skill level 10 in Bows
  5465 | D:7      | Reached XP level 9. HP: 64/76 MP: 8/8
  6524 | D:8      | Found a radiant altar of Vehumet.
  6549 | D:8      | Reached skill level 5 in Dodging
  6602 | D:8      | Reached **** piety under Hepliaklqana
  6606 | D:8      | Found an opulent altar of Gozag.
  6620 | D:8      | Reached skill level 11 in Bows
  6870 | D:8      | Found a hazy altar of Hepliaklqana.
  6921 | D:8      | Found a white marble altar of Elyvilon.
  6994 | D:8      | Noticed Psyche
  7057 | D:8      | Killed Psyche
  8150 | D:9      | Found a flagged portal.
  8188 | Bailey   | Entered a bailey
  8643 | Bailey   | Found a large runed translucent door.
  8643 | Bailey   | Found a large runed translucent door.
  8644 | Bailey   | Noticed an orc knight
  8644 | Bailey   | Noticed a deep elf zephyrmancer
  8658 | Bailey   | Killed an orc knight
  8659 | Bailey   | Reached skill level 12 in Bows
  8659 | Bailey   | Reached XP level 10. HP: 76/82 MP: 9/9
  8879 | Bailey   | Killed a deep elf zephyrmancer
  8979 | D:9      | Found Axto's Antique Weapon Shoppe.
  8993 | D:9      | Noticed Joseph
  9002 | D:9      | Killed Joseph
  9190 | D:9      | Noticed a two-headed ogre
  9201 | D:9      | Killed a two-headed ogre
  9357 | D:9      | Noticed a two-headed ogre
  9362 | D:9      | Killed a two-headed ogre
  9363 | D:9      | Reached skill level 13 in Bows
  9809 | D:9      | Noticed Erica
  9827 | D:9      | Killed Erica
  9828 | D:9      | Reached skill level 10 in Dodging
  9886 | D:9      | Noticed Maurice
  9899 | D:9      | Killed Maurice
 10250 | D:9      | Noticed Grum
 10255 | D:9      | Reached XP level 11. HP: 89/89 MP: 10/10
 10269 | D:9      | Killed Grum
 10513 | D:9      | Reached skill level 14 in Bows
 10766 | D:9      | Found a glowing golden altar of the Shining One.
 10778 | D:9      | Reached ***** piety under Hepliaklqana
 10831 | D:9      | Reached skill level 1 in Armour
 10868 | D:10     | Entered Level 10 of the Dungeon
 10868 | D:10     | Noticed Gastronok
 10870 | D:10     | Noticed Maggie
 10877 | D:10     | Killed Gastronok
 10878 | D:10     | Reached skill level 5 in Armour
 10885 | D:10     | Killed Maggie
 11142 | D:10     | Noticed a wolf spider
 11149 | D:10     | Killed a wolf spider
 11491 | D:10     | Noticed an ogre mage
 11497 | D:10     | Noticed Urug
 11999 | D:10     | Identified the +6 hunting sling "Kior" {venom, rPois rCorr
                  | Str-4 Dex+8}
 12000 | D:10     | Found a one-way gate to the infinite horrors of the Abyss.
 12010 | D:10     | Found a transporter.
 12020 | D:10     | Noticed a lindwurm
 12026 | D:10     | Banished a lindwurm
 12222 | D:10     | Found a transporter.
 13017 | D:10     | Killed an ogre mage
 13046 | D:11     | Killed Urug
 13049 | D:11     | Found a staircase to the Lair.
 13311 | D:10     | Noticed runemasterragnar's ghost (novice DsMo)
 13472 | Lair:1   | Entered Level 1 of the Lair of Beasts
 13758 | Lair:1   | Identified a scroll of acquirement
 13759 | Lair:1   | Acquired the +0 pair of boots of the Armoured One {Will+
                  | Str+3 Dex+4 Slay+2}
 13785 | Lair:1   | Noticed an oklob plant
 13785 | Lair:1   | Noticed an oklob plant
 13786 | Lair:1   | Noticed an oklob plant
 13786 | Lair:1   | Noticed an oklob plant
 14022 | Lair:1   | Reached skill level 10 in Armour
 14032 | Lair:1   | Noticed a seven-headed hydra
 14041 | Lair:1   | Killed a seven-headed hydra
 14440 | Lair:1   | Reached XP level 12. HP: 95/95 MP: 11/11
 14525 | Lair:1   | Reached skill level 10 in Fighting
 14965 | Lair:2   | Found a staircase to the Snake Pit.
 15112 | Lair:2   | Noticed Nergalle
 15147 | Lair:2   | Slain by a spectral orc knight

Illustrated notes

Levels and vault maps discovered:
D:1:      saegor_arrival_simple_e, layout_rooms, basic_ecumenical_altar
D:2:      layout_loops_ring, minmay_domino_2, uniq_sigmund, uniq_natasha
D:3:      layout_loops_ring, patterned_corridor
D:4:      layout_basic, minivault_26, uniq_pikel, uniq_ijyb
D:5:      layout_gridville, jmf_multi_god_temple2, ebering_ghost_sewer_d,
          nicolae_stop_n_shop_1, corexii_leaking_fountain
D:6:      layout_basic, gammafunk_temple_of_torment,
          gammafunk_temple_overflow_statue, temple_fountains, serial_shops,
          shop, dreamdust_princess_corridor
D:7:      layout_basic, minmay_misc_feat_tower
D:8:      layout_basic, nicolae_elyvilon_peaceful_grove,
          mainiacjoe_overflow_alcove_4, mainiacjoe_overflow_24_doors,
          mainiacjoe_overflow_boulevard, uniq_psyche
D:9:      layout_irregular_city, kennysheep_mini, serial_shops,
          nicolae_square_shop, enter_bailey_5, uniq_maurice, uniq_joseph,
          uniq_erica, uniq_grum
D:10:     layout_loops_ring, gammafunk_ghost_abyssal_escape,
          minmay_diamond_spiral, uniq_urug, uniq_maggie, uniq_gastronok
D:11:     layout_roguey [special_room_bee], lair_entry_dummy, orc_0_dummy,
          uniq_erolcha
Lair:1:   dpeg_oklob_gauntlet, layout_cave_pods
Lair:2:   layout_cellular_growth, shoals_dummy_entry, dummy_snake_entry,
          nicolae_lair_lakeside_cave, lemuel_fruit_fields, serial_bayou_shore_b,
          uniq_nergalle

Skill      XL: |  1  2  3  4  5  6  7  8  9 10 11 12 |
---------------+-------------------------------------+-----
Fighting       | 3 4 5 8 9 10 | 10.2
Bows           | 5 6 8 10 12 13 14 | 14.3
Dodging        | 3 7 10 11 | 11.2
Armour         | 10 | 10.7
Stealth        | |  0.7

Action                   |  1- 3 |  4- 6 |  7- 9 | 10-12 || total
-------------------------+-------+-------+-------+-------++-------
Melee: Shortbow          |       |     1 |       |       ||     1
       Unarmed           |       |    21 |       |     2 ||    23
       Headbutt          |       |       |       |     1 ||     1
 Fire: Shortbow          |    90 |    64 |   225 |   297 ||   676
Throw: Dart              |       |       |       |     9 ||     9
Invok: Ancestor Life: Ba |       |     1 |       |       ||     1
       Recall Ancestor   |       |       |     1 |     4 ||     5
Evoke: Wand              |       |       |     5 |     7 ||    12
  Use: Scroll            |       |       |    15 |    12 ||    27
       Potion            |       |       |       |     9 ||     9
Armor: Leather armour    |    12 |       |     2 |       ||    14
       Skin              |       |     2 |       |       ||     2
       Scale mail        |       |       |    10 |    50 ||    60
Dodge: Dodged            |    19 |    19 |    22 |   104 ||   164
       Repelled          |       |       |       |     4 ||     4
Block: Other             |       |       |     8 |    37 ||    45
       Reflection        |       |       |     2 |     4 ||     6

Table legend: (Time is in decaauts)
 A = Elapsed time spent in this place.
 B = Non-inter-level travel time spent in this place.
 C = Inter-level travel time spent in this place.
 D = Time resting spent in this place.
 E = Time spent auto-exploring this place.
 F = Levels seen in this place.
 G = Mean time per level.
                   A        B        C        D        E       F      G
               +--------+--------+--------+--------+--------+-----+--------+
         Total |  15354 |  14902 |    452 |   5481 |   7323 |  14 | 1096.7 |
       Dungeon |  12813 |  12423 |    390 |   4630 |   6125 |  11 | 1164.8 |
          Lair |   1767 |   1705 |     62 |    374 |   1064 |   2 |  883.5 |
        Bailey |    773 |    773 |      0 |    477 |    134 |   1 |  773.0 |
               +--------+--------+--------+--------+--------+-----+--------+

Top non-repeatable levels by time:
    D:10: 2256 daAuts
     D:9: 2232 daAuts
     D:8: 1658 daAuts
  Lair:1: 1574 daAuts
     D:7: 1430 daAuts
     D:2: 1150 daAuts
     D:4: 1061 daAuts
     D:3: 972 daAuts
     D:6: 783 daAuts
  Bailey: 773 daAuts
     D:1: 621 daAuts
     D:5: 487 daAuts
  Lair:2: 192 daAuts
    D:11: 160 daAuts
